 Dungeon Crawl Stone Soup version 0.24.1-8-ga250c9d538 (webtiles) character file.

Game seed: 6780428033848070592, levelgen mode: deterministic

93 Hugehornet the Insei (level 4, -2/28 HPs)
             Began as an Octopode Transmuter on May 7, 2020.
             Slain by a sky beast (5 damage)
             ... on level 3 of the Dungeon.
             The game lasted 00:04:52 (1293 turns).

Hugehornet the Insei (Octopode Transmuter)          Turns: 1293, Time: 00:04:53

Health: -2/28      AC:  2    Str: 14    XL:     4   Next: 62%
Magic:  2/7        EV: 19    Int: 16    God:
Gold:   135        SH:  0    Dex: 17    Spells: 2/8 levels left

rFire    . . .     SeeInvis .     - Unarmed
rCold    . . .     Gourm    .   (shield currently unavailable)
rNeg     . . .     Faith    .   (helmet currently unavailable)
rPois    x         Spirit   .   (no amulet)
rElec    .         Reflect  .   g - ring of wizardry
rCorr    .         Harm     .   (no ring)
MR       .....                  (no ring)
Stlth    ++........             (no ring)
HPRegen  0.09/turn              (no ring)
MPRegen  0.10/turn              (no ring)
                                (no ring)
                                (no ring)

@: mighty, spider-form (expiring), hasted, very quick
A: tiny, almost no armour, stealthy swim, (amphibious), 8 rings, (constrict 8)
a: End Transformation


You were on level 3 of the Dungeon.
You were hungry.
You were a venomous arachnid creature.
You visited 1 branch of the dungeon, and saw 3 of its levels.

You collected 135 gold pieces.

Inventory:

Missiles
 a - 38 arrows
Jewellery
 g - a ring of wizardry (left front leg)
Scrolls
 b - a scroll of enchant weapon {unknown}
 e - a scroll of identify {unknown}
 h - a scroll of remove curse {unknown}
 j - 5 scrolls of teleportation {unknown}
 k - a scroll of fog {unknown}
 m - a scroll of magic mapping {unknown}
Potions
 d - a potion of haste
 l - a potion of experience {unknown}
 n - a potion of ambrosia {unknown}
 o - a potion of lignification {unknown}
Comestibles
 c - 5 rations


   Skills:
 - Level 1.0 Fighting
 - Level 2.0 Dodging
 * Level 4.2 Unarmed Combat
 + Level 2.6 Spellcasting
 - Level 3.0 Transmutations


You had 2 spell levels left.
You knew the following spells:

 Your Spells              Type           Power        Failure   Level  Hunger
a - Beastly Appendage     Tmut           ##....       6%          1    #......
b - Sticks to Snakes      Tmut           ##......     9%          2    ##.....
c - Spider Form           Tmut/Pois      #.........   26%         3    ###....

Your spell library contained the following spells:

 Spells                   Type           Power        Failure   Level  Hunger
 Ice Form                 Ice/Tmut       #.......     54%         4    #####..
 Blade Hands              Tmut           ##........   65%         5    ######.


Dungeon Overview and Level Annotations

Branches:
Dungeon (3/15)

Altars:
Dithmenos
Fedhas
Kikubaaqudgha
Xom


Innate Abilities, Weirdness & Mutations

You cannot wear most types of armour.
You are very stealthy in the water. (Stealth+)
((You are amphibious.))
You can wear up to eight rings at the same time.
((You can use your tentacles to constrict eight enemies at once.))
((Your skin changes colour to match your surroundings (Stealth+).))
((Your rubbery body absorbs attacks. (AC +1, EV +1)))


Message History

Your Unarmed Combat skill increases to level 4!
The orc closely misses you. The sky beast completely misses you.
The orc completely misses you.
Items here: ( ) [[ †††† You bite the orc!
You kill the orc!
You barely miss the sky beast. The orc hits you with a +0 hand axe.
You hit the sky beast.
The sky beast is lightly wounded.
The sky beast flickers out of sight!
Deactivating autopickup; reactivate with Ctrl-A.
Something hits you. Something shocks you.
* * * LOW HITPOINT WARNING * * *
The orc misses you.
You maul the orc!!
You kill the orc!
Something hits you.
* * * LOW HITPOINT WARNING * * *
Something shocks you.
You die...

.... .... ...(
.... .......
..... ..s....#
#..._.
...o....##...?
............
oo....>#rw#
.......#{#
o.o<...#s##..#
......s<.....#
.......##..#..#
....... .......
....... ##....
....... ####
#######


You could see a worm, a giant cockroach and a rat.

Vanquished Creatures
  An orc priest (D:3)
  An adder (D:2)
  2 worms
  3 dart slugs (D:1)
  2 leopard geckos (D:2)
  5 orcs (D:3)
  6 bats
  3 bat zombies (D:2)
  3 giant cockroaches
  A goblin (D:1)
  2 hobgoblins
  A quokka (D:3)
  4 frilled lizards (D:2)
  2 rats
  2 rat zombies (D:2)
38 creatures vanquished.

Notes
Turn   | Place    | Note
-------+----------+-------------------------------------------
     0 | D:1      | Hugehornet the Octopode Transmuter began the quest for the
                  | Orb.
     0 | D:1      | Reached XP level 1. HP: 13/13 MP: 3/3
    84 | D:1      | Reached XP level 2. HP: 18/18 MP: 3/5
    88 | D:1      | Learned a level 2 spell: Sticks to Snakes
   564 | D:2      | Found a blossoming altar of Fedhas.
   578 | D:2      | Reached XP level 3. HP: 23/23 MP: 6/6
   583 | D:2      | Learned a level 3 spell: Spider Form
  1120 | D:2      | Found a shimmering altar of Xom.
  1133 | D:2      | Found an ancient bone altar of Kikubaaqudgha.
  1263 | D:3      | Found a shadowy altar of Dithmenos.
  1268 | D:3      | Noticed a sky beast
  1286 | D:3      | Reached XP level 4. HP: 23/28 MP: 2/7
  1288 | D:3      | Reached skill level 4 in Unarmed Combat
  1293 | D:3      | Slain by a sky beast

Levels and vault maps discovered:
D:1:      eino_arrival_water_cross, layout_rooms
D:2:      layout_basic, lemuel_zombie_altar_kikubaaqudgha,
          nicolae_overflow_hidden_temple, fedhas_altar_1
D:3:      layout_rooms, nicolae_dithmenos_shadow_blocks,
          chequers_ecumenical_altar_island, minmay_snake_closets

Skill      XL: |  1  2  3  4 |
---------------+-------------+-----
Transmutations | 3 |  3.0
Unarmed Combat | 4 |  4.2
Fighting       | |  1.0
Dodging        | |  2.0
Spellcasting   | |  2.6

Action                   |  1- 3 |  4- 6 || total
-------------------------+-------+-------++-------
Melee: Unarmed           |    88 |     6 ||    94
       Kick              |    11 |       ||    11
       Constrict         |    20 |       ||    20
       Tentacles         |    10 |       ||    10
 Cast: Beastly Appendage |    19 |       ||    19
       Spider Form       |     2 |       ||     2
  Use: Potion            |     3 |       ||     3
 Stab: Sleeping          |     3 |       ||     3
  Eat: Chunk             |     1 |       ||     1
Armor: Skin              |    13 |       ||    13
Dodge: Dodged            |    76 |     4 ||    80
